 Dungeon Crawl Stone Soup version 0.22-a0-447-gee5f723 (webtiles) character file.

1318 nikopol the Magician (level 8, -2/43 HPs)
             Began as a Deep Elf Fire Elementalist on June 3, 2018.
             Slain by Duvessa
             ... wielding a +0 short sword
              (16 damage)
             ... on level 6 of the Dungeon.
             The game lasted 00:21:03 (6006 turns).

nikopol the Magician (Deep Elf Fire Elementalist)   Turns: 6006, Time: 00:21:03

Health: -2/43      AC:  3    Str:  5    XL:     8   Next: 33%
Magic:  8/21       EV: 14    Int: 23    God:
Gold:   329        SH:  0    Dex: 15    Spells: 7/22 levels left

rFire    . . .     SeeInvis .   o - +3 falchion (slice)
rCold    . . .     Gourm    .   (no shield)
rNeg     . . .     Faith    .   a - +0 robe
rPois    .         Spirit   .   p - +0 helmet
rElec    .         Reflect  .   t - scarf {repulsion}
rCorr    .         Harm     .   (no gloves)
MR       .....                  (no boots)
Stlth    +.........             (no amulet)
HPRegen  0.14/turn              (no ring)
MPRegen  0.17/turn              (no ring)

@: glowing, repel missiles
A: no striking features
a: no special abilities


You were on level 6 of the Dungeon.
You were not hungry.

You visited 2 branches of the dungeon, and saw 7 of its levels.

You collected 329 gold pieces.

Inventory:

Hand Weapons
 o - a +3 falchion of slicing (weapon)
Armour
 a - a +0 robe (worn)
 p - a +0 helmet (worn)
 t - a scarf of repulsion (worn)
Jewellery
 f - an uncursed ring of flight {unknown}
Scrolls
 b - 7 scrolls of identify {unknown}
 d - 2 scrolls of noise {unknown}
 g - 2 scrolls of teleportation {unknown}
 h - 2 scrolls of remove curse {unknown}
 k - 5 scrolls of enchant weapon {unknown}
 l - a scroll of magic mapping {unknown}
 m - 2 scrolls of enchant armour {unknown}
 r - a scroll of random uselessness {unknown}
Potions
 e - 6 potions of curing {unknown}
 i - a potion of magic {unknown}
 j - 2 potions of cancellation {unknown}
 n - a potion of invisibility {unknown}
 q - a potion of berserk rage {unknown}
Comestibles
 c - 12 rations
 s - 4 chunks of flesh


   Skills:
 + Level 1.2 Fighting
 + Level 0.4 Long Blades
 + Level 4.0 Dodging
 + Level 4.0 Stealth
 + Level 7.8 Spellcasting
 + Level 5.3 Conjurations
 + Level 6.8 Fire Magic


You had 7 spell levels left.
You knew the following spells:

 Your Spells              Type           Power        Failure   Level  Hunger
a - Flame Tongue          Conj/Fire      #####        1%          1    None
b - Throw Flame           Conj/Fire      #####.       1%          2    None
c - Conjure Flame         Conj/Fire      #####...     1%          3    None
d - Sticky Flame          Conj/Fire      #####...     6%          4    ###....
e - Fireball              Conj/Fire      #####.....   16%         5    #####..

Your spell library contained the following spells:

 Spells                   Type           Power        Failure   Level  Hunger
 Inner Flame              Hex/Fire       ###.....     5%          3    None


Dungeon Overview and Level Annotations

Branches:
Dungeon (6/15)             Temple (1/1) D:5

Altars:
Dithmenos
Elyvilon
Fedhas
Gozag
Hepliaklqana
Makhleb
Nemelex Xobeh
Okawaru
Qazlal
Ru
Sif Muna
Wu Jian
Yredelemnul

Annotations:
D:6 Duvessa


Message History

Duvessa hits you with a short sword.
Casting: Flame Tongue (safe; 1% risk of failure)
Confirm with . or Enter, or press ? or * to list all spells.
Aiming: Sticky Flame (safe; 6% risk of failure)
Press: ? - help, Shift-Dir - straight line, f/p - Duvessa
Aim: Duvessa, wielding a short sword and wearing a leather armour (moderately wounded, berserk, fast, unusually strong)
The sticky flame hits Duvessa.
Duvessa is moderately wounded.
Duvessa is covered in liquid flames!
Duvessa burns!
Duvessa hits you with a short sword. Duvessa hits you with a short sword!
Duvessa burns!
Duvessa burns!
Duvessa misses you.
Duvessa burns!
Duvessa burns!
Duvessa rages.
Duvessa hits you with a short sword.
Duvessa burns!
Duvessa burns!
Duvessa hits you with a short sword!
Duvessa burns!
Duvessa hits you with a short sword!
You die...

##########.........#
#<.................##
##########.##........
#.##.####### #.##)#
#.##.# #.##.# #.##.#
#@##.# #e##.# #....#
######


You could see Duvessa (berserk).

Vanquished Creatures
  Grinder (D:3)
  A centaur (D:5)
  2 scorpions (D:4)
  Dowan (D:6)
  4 wights
  3 orc priests
  2 hounds
  A centaur skeleton (D:5)
  An orc wizard (D:4)
  6 worker ants
  Robin (D:3)
  11 gnolls
  9 adders
  A shadow imp (D:6)
  An ooze (D:4)
  4 worms
  4 dart slugs
  3 leopard geckos
  18 orcs
  14 bats
  17 giant cockroaches
  19 goblins
  7 hobgoblins
  8 jackals
  2 quokkas (D:2)
  5 frilled lizards
  10 kobolds
  9 rats
165 creatures vanquished.

Notes
Turn   | Place    | Note
-------+----------+-------------------------------------------
     0 | D:1      | nikopol the Deep Elf Fire Elementalist began the quest for the Orb.
     0 | D:1      | Reached XP level 1. HP: 10/10 MP: 6/6
   112 | D:1      | Reached XP level 2. HP: 15/15 MP: 0/8
   773 | D:1      | Reached XP level 3. HP: 19/19 MP: 4/9
   777 | D:1      | Learned a level 2 spell: Throw Flame
   781 | D:1      | Learned a level 3 spell: Conjure Flame
  1417 | D:2      | Reached XP level 4. HP: 13/24 MP: 0/11
  1602 | D:2      | Found a sacrificial altar of Ru.
  1680 | D:2      | Found a blossoming altar of Fedhas.
  1701 | D:2      | Reached skill level 4 in Spellcasting
  2180 | D:2      | Reached XP level 5. HP: 22/28 MP: 6/13
  2533 | D:3      | Noticed Grinder
  2541 | D:3      | Killed Grinder
  2541 | D:3      | Reached skill level 5 in Spellcasting
  2541 | D:3      | Reached skill level 5 in Fire Magic
  2541 | D:3      | Reached XP level 6. HP: 21/32 MP: 9/16
  2574 | D:3      | Learned a level 4 spell: Sticky Flame
  3144 | D:2      | Reached XP level 7. HP: 36/36 MP: 0/17
  3260 | D:2      | Learned a level 5 spell: Fireball
  3418 | D:3      | Noticed Robin
  3615 | D:3      | Killed Robin
  3615 | D:3      | Reached skill level 6 in Spellcasting
  4316 | D:4      | Noticed a two-headed ogre
  4705 | D:4      | Reached skill level 7 in Spellcasting
  4872 | D:4      | Reached skill level 5 in Conjurations
  4873 | D:4      | Reached XP level 8. HP: 41/41 MP: 13/20
  4975 | D:5      | Entered Level 5 of the Dungeon
  5332 | D:5      | Found a sparkling altar of Nemelex Xobeh.
  5333 | D:5      | Found an opulent altar of Gozag.
  5354 | D:5      | Found a staircase to the Ecumenical Temple.
  5364 | Temple   | Entered the Ecumenical Temple
  5867 | D:5      | Found an iron altar of Okawaru.
  5952 | D:6      | Noticed Dowan
  5980 | D:6      | Noticed Duvessa
  5996 | D:6      | Killed Dowan
  5996 | D:6      | Reached skill level 1 in Fighting
  6006 | D:6      | Slain by Duvessa

Vault maps used:
D:1:      dpeg_arrival_renting
D:2:      nicolae_ru_path_of_blood, fedhas_altar_3
D:3:      minmay_roachtagon, uniq_robin, uniq_grinder
D:4:      first_ration
D:5:      grunt_temple_overflow_opulence, temple_fountains,
          minmay_misc_feat_columns, okawaru_altar_gauntlet_db
D:6:      uniq_duvessa
Temple:   nicolae_temple_figure_zero

Skill      XL: |  1  2  3  4  5  6  7  8 |
---------------+-------------------------+-----
Fire Magic     | 4 5 6 |  6.8
Conjurations   | 2 3 5 |  5.3
Spellcasting   | 4 5 7 |  7.8
Dodging        | 3 4 |  4.0
Stealth        | 3 4 |  4.0
Fighting       | 1 |  1.2
Long Blades    | |  0.4

Action                   |  1- 3 |  4- 6 |  7- 9 || total
-------------------------+-------+-------+-------++-------
Melee: Unarmed           |       |     1 |       ||     1
       Falchion          |       |       |     3 ||     3
 Cast: Flame Tongue      |    73 |    96 |   162 ||   331
       Throw Flame       |     1 |     2 |     1 ||     4
       Conjure Flame     |     1 |     1 |     4 ||     6
       Sticky Flame      |       |     2 |    11 ||    13
       Fireball          |       |       |     2 ||     2
  Eat: Chunk             |     1 |     6 |    10 ||    17
Armor: Robe              |     2 |    10 |     7 ||    19
Dodge: Dodged            |    12 |    39 |    41 ||    92
       Deflected         |       |       |     1 ||     1
       Rpst.: Falchion   |       |       |     7 ||     7

Table legend:
 A = Spawn XP
 B = Non-spawn XP
 C = Spawn XP percentage of total XP
 D = Spawn monster count
 E = Non-spawn monster count
 F = Spawn count percentage of total count
 G = Total turns spent on level
                    A         B        C        D         E        F      G
               +---------+---------+-------+---------+---------+-------+---------
         Total |       0 |    1884 |   0.0 |       0 |     165 |   0.0 |  6006
               +---------+---------+-------+---------+---------+-------+---------
           D:1 |       0 |      50 |   0.0 |       0 |      29 |   0.0 |  1060
           D:2 |       0 |     288 |   0.0 |       0 |      35 |   0.0 |  1939
           D:3 |       0 |     703 |   0.0 |       0 |      57 |   0.0 |  1418
           D:4 |       0 |     487 |   0.0 |       0 |      24 |   0.0 |   558
           D:5 |       0 |     276 |   0.0 |       0 |      18 |   0.0 |   850
           D:6 |       0 |      80 |   0.0 |       0 |       2 |   0.0 |    63
               +---------+---------+-------+---------+---------+-------+---------
